 Dungeon Crawl Stone Soup version 0.25.1-2-g60ff931df9 (webtiles) character file.

Game seed: 16240986087610115782

874 raphialitos the Slasher (level 8, -7/62 HPs)
             Began as a Barachi Fighter on Oct 7, 2020.
             Was an Initiate of Dithmenos.
             Killed by nerve-wracking pain
             ... invoked by an orc priest
              (13 damage)
             ... on level 6 of the Dungeon.
             The game lasted 00:09:24 (5397 turns).

raphialitos the Slasher (Barachi Fighter)           Turns: 5397, Time: 00:09:24

Health: -7/62      AC:  8    Str: 20    XL:     8   Next: 4%
Magic:  8/8        EV:  9    Int:  8    God:    Dithmenos [......]
Gold:   222        SH: 10    Dex: 12    Spells: 7/7 levels left

rFire    . . .     SeeInvis .   a - +1 long sword
rCold    . . .     Gourm    .   c - +0 kite shield
rNeg     . . .     Faith    .   b - +1 scale mail
rPois    .         Spirit   .   (no helmet)
rElec    .         Reflect  .   (no cloak)
rCorr    .         Harm     .   (no gloves)
MR       .....                  (no boots)
Stlth    ..........             (no amulet)
HPRegen  0.20/turn              (no ring)
MPRegen  0.11/turn              (no ring)

@: slow
A: +LOS, swims, slowness 1, strong legs 1
a: Hop, Renounce Religion


You were on level 6 of the Dungeon.
You worshipped Dithmenos.
Dithmenos was noncommittal.
You were not hungry.

You visited 2 branches of the dungeon, and saw 7 of its levels.

You collected 342 gold pieces.
You spent 120 gold pieces at shops.

Inventory:

Hand Weapons
 a - a +1 long sword (weapon)
Missiles
 e - 61 arrows
 i - 2 poisoned darts (quivered)
 k - 17 sling bullets
 u - 28 bolts
Armour
 b - a +1 scale mail (worn)
 c - a +0 kite shield (worn)
Wands
 r - a wand of paralysis (2)
Scrolls
 g - 3 scrolls of identify
 m - a scroll of enchant weapon
 s - a scroll of teleportation
 t - 3 scrolls of amnesia {unknown}
 v - a scroll of remove curse {unknown}
 y - a scroll of fear
Potions
 d - a potion of might
 h - 4 potions of heal wounds
 j - a potion of resistance
 l - 2 potions of stabbing {unknown}
 n - a potion of curing
 o - 2 potions of brilliance {unknown}
 p - a potion of invisibility {unknown}
 q - 2 potions of flight
 w - 3 potions of mutation {unknown}
 z - a potion of degeneration {unknown}
 A - a potion of cancellation {unknown}
Comestibles
 f - 5 rations


   Skills:
 + Level 5.3 Fighting
 + Level 6.5 Long Blades
 + Level 0.1 Throwing
 + Level 6.0 Armour
 + Level 2.6 Dodging
 + Level 0.2 Stealth
 + Level 5.4 Shields


You had 7 spell levels left.
You didn't know any spells.
Your spell library was empty.

Dungeon Overview and Level Annotations

Branches:
Dungeon (6/15)             Temple (1/1) D:5

Altars:
Ashenzari
Cheibriados
Dithmenos
Fedhas
Gozag
Hepliaklqana
Makhleb
Okawaru
Qazlal
Sif Muna
Trog
Uskayaw
Vehumet
Wu Jian
Xom
Yredelemnul
Zin
The Shining One
Lugonu

Shops:
D:5 !

Annotations:
D:6 Eustachio


Innate Abilities, Weirdness & Mutations

You can be seen from farther away. (+LOS)
You can swim through water.
You cover ground slowly.
You can hop short distances.


Message History

You slash the rat!
You kill the rat!
The rat's corpse disappears in a puff of smoke!
You block the orc priest's attack.
You closely miss Eustachio.
Eustachio is severely wounded.
You block the white imp's attack.
The orc priest hits you but does no damage.
Eustachio closely misses you.
You riposte.
You closely miss Eustachio.
Eustachio is severely wounded.
The orc priest calls down the wrath of Beogh upon you.
Pain shoots through your body!
* * * LOW HITPOINT WARNING * * *
The orc priest casts a cantrip, but nothing happens.
You closely miss Eustachio.
Eustachio is severely wounded.
The white imp barely misses you.
The orc priest invokes the aid of Beogh against you.
Pain shoots through your body!
You die...

./ ########.# ..
#.....##.## .#
#......... .
#####.##
#......#.##. ......#
#......#.... #.....#
#......##.##
#.....#####.##....<.
#.5oo...[...#####.##
#..@o5..^.### #.#
###@##.##... ..#
r5b.. ...## #..#
#..## ..... ....
#... ##...)# ##.#.
#..# ...... #. .
#... ....... .. .#
#.## ##.##.##### .#
#.


You could see Eustachio, 3 orc priests, a crimson imp (summoned), 2 white imps,
a bat (summoned) and a rat (summoned).

Vanquished Creatures
  2 ice beasts (D:5)
  2 ogres
  A centaur (D:5)
  A scorpion (D:4)
  A crimson imp (D:5)
  A jelly (D:5)
  2 centaur skeletons (D:5)
  An iguana (D:5)
  Ijyb (D:3)
  Terence (D:3)
  An orc wizard (D:5)
  A worker ant (D:4)
  Robin (D:3)
  An adder (D:2)
  A shadow imp (D:5)
  An ooze (D:3)
  6 dart slugs
  3 leopard geckos
  4 orcs
  6 bats
  7 giant cockroaches
  10 goblins
  12 hobgoblins
  6 jackals
  2 quokkas
  4 ball pythons
  A ball python skeleton (D:4)
  7 frilled lizards
  6 kobolds
  2 leopard gecko skeletons (D:5)
  A quokka skeleton (D:4)
  7 rats
103 creatures vanquished.

Notes
Turn   | Place    | Note
-------+----------+-------------------------------------------
     0 | D:1      | raphialitos the Barachi Fighter began the quest for the
                  | Orb.
     0 | D:1      | Reached XP level 1. HP: 18/18 MP: 1/1
   165 | D:1      | Reached XP level 2. HP: 25/25 MP: 2/2
   699 | D:1      | Reached XP level 3. HP: 30/30 MP: 3/3
   921 | D:2      | Found a hide-covered altar of Uskayaw.
  1406 | D:2      | Reached XP level 4. HP: 28/37 MP: 4/4
  1772 | D:3      | Noticed Robin
  1784 | D:3      | Killed Robin
  1794 | D:3      | Reached skill level 1 in Dodging
  2241 | D:3      | Noticed Ijyb
  2241 | D:3      | Paralysed by Ijyb for 6 turns
  2252 | D:3      | Paralysed by Ijyb for 4 turns
  2257 | D:3      | Killed Ijyb
  2257 | D:3      | Reached XP level 5. HP: 34/42 MP: 5/5
  2369 | D:3      | Noticed a shadow
  2372 | D:3      | Found a shadowy altar of Dithmenos.
  2373 | D:3      | Found a hazy altar of Hepliaklqana.
  2478 | D:3      | Noticed Terence
  2495 | D:3      | Killed Terence
  2983 | D:3      | Became a worshipper of Dithmenos the Shadowed
  3006 | D:4      | Noticed an ogre
  3014 | D:4      | Killed an ogre
  3014 | D:4      | Reached skill level 5 in Armour
  3014 | D:4      | Reached XP level 6. HP: 41/49 MP: 6/6
  3342 | D:4      | Found a burning altar of Makhleb.
  3528 | D:4      | Found a glowing silver altar of Zin.
  3528 | D:4      | Noticed an angel
  3529 | D:4      | Noticed a cacodemon
  3938 | D:4      | Found a shimmering blue altar of Sif Muna.
  4079 | D:5      | Entered Level 5 of the Dungeon
  4090 | D:5      | Reached skill level 5 in Long Blades
  4239 | D:5      | Found a shimmering altar of Xom.
  4243 | D:5      | HP: 2/49 [centaur/cursed +0 shortbow (6)]
  4260 | D:5      | HP: 2/49 [centaur/arrow (9)]
  4264 | D:5      | Reached XP level 7. HP: 3/55 MP: 7/7
  4286 | D:5      | Reached skill level 5 in Shields
  4429 | D:5      | Reached skill level 5 in Fighting
  4883 | D:5      | Found a staircase to the Ecumenical Temple.
  4926 | D:5      | Found an ornate altar of the Wu Jian Council.
  4927 | D:5      | Found a glowing golden altar of the Shining One.
  4983 | D:5      | Found a shattered altar of Ashenzari.
  5033 | D:5      | Reached XP level 8. HP: 57/62 MP: 8/8
  5293 | D:5      | Found Iturghor's Distillery.
  5296 | D:5      | Bought a potion of flight for 45 gold pieces
  5296 | D:5      | Bought a potion of heal wounds for 75 gold pieces
  5309 | Temple   | Entered the Ecumenical Temple
  5378 | D:6      | Noticed Eustachio
  5397 | D:6      | Killed from afar by an orc priest

Illustrated notes

Levels and vault maps discovered:
D:1:      dpeg_arrival_refuge, layout_loops_ring
D:2:      layout_basic, lemuel_round_altar, first_ration
D:3:      layout_loops_ring, riverfiend_overflow_shadow_ancestor, uniq_ijyb,
          uniq_terence, uniq_robin
D:4:      layout_loops_corners, grunt_temple_overflow_order_and_chaos_2,
          lemuel_blue_sif_altar
D:5:      layout_rooms, overflow_temple_1_default, kennysheep_mini,
          gammafunk_temple_overflow_statue, minmay_temple_entry_hall,
          serial_shops, nicolae_shop_behind_doors
D:6:      layout_loops_cross, kennysheep_little_box, roderic_lattice_a,
          uniq_eustachio
Temple:   corrupted_temple

Skill      XL: |  1  2  3  4  5  6  7 |
---------------+----------------------+-----
Armour         | 4 5 6 |  6.0
Long Blades    | 3 4 5 6 |  6.5
Fighting       | 4 5 |  5.3
Shields        | 4 5 |  5.4
Dodging        | 1 2 |  2.6
Throwing       | |  0.1
Stealth        | |  0.2

Action                   |  1- 3 |  4- 6 |  7- 9 || total
-------------------------+-------+-------+-------++-------
Melee: Long sword        |   125 |   175 |    76 ||   376
Throw: Dart              |       |     2 |       ||     2
 Abil: Hop               |     1 |     2 |       ||     3
  Use: Scroll            |       |     7 |       ||     7
       Potion            |       |     6 |       ||     6
  Eat: Chunk             |     2 |     7 |     1 ||    10
       Ration            |       |     1 |     1 ||     2
Armor: Scale mail        |    81 |    84 |    32 ||   197
Dodge: Dodged            |    56 |    75 |    40 ||   171
Block: Kite shield       |    86 |    98 |    50 ||   234
       Rpst.: Long sword |    22 |    25 |    14 ||    61
